 Dungeon Crawl Stone Soup version 0.30.0 (webtiles) character file.

Game seed: 9504972277434354247

315 Dani the Chopper (level 6, 0/47 HPs)
             Began as a Demonspawn Fighter on May 18, 2023.
             Was a Follower of Sif Muna.
             Slain by a water moccasin (8 damage)
             ... on level 5 of the Dungeon.
             The game lasted 00:12:00 (3893 turns).

Dani the Chopper (Demonspawn Fighter)               Turns: 3893, Time: 00:12:00

Health: 0/47       AC:  7    Str: 17    XL:     6   Next: 20%
Magic:  9/9        EV:  9    Int: 11    God:    Sif Muna [*.....]
Gold:   165        SH:  4    Dex: 12    Spells: 9/9 levels left

rFire   . . .        a - +1 war axe
rCold   . . .        c - +0 buckler
rNeg    . . .        b - +0 scale mail
rPois   .            (no helmet)
rElec   .            l - +0 cloak
rCorr   .            (no gloves)
SInv    .            (no boots)
Will    .....        (no amulet) Stlth
                     o - ring of wizardry
HPRegen 0.27/turn    (no ring)
MPRegen 0.11/turn

%: wizardry (x1)
@: mighty, invisible
A: powered by pain 1, sturdy frame 1, demonic magic 2
a: Renounce Religion, Channel Magic


You were on level 5 of the Dungeon.
You worshipped Sif Muna.
Sif Muna was aware of your devotion.
You visited 1 branch of the dungeon, and saw 5 of its levels.

You collected 165 gold pieces.

Inventory:

Hand Weapons
 a - a +1 war axe (weapon)
Armour
 b - a +0 scale mail (worn)
 c - a +0 buckler (worn)
 l - a +0 cloak (worn)
   (You found it on level 2 of the Dungeon)
Jewellery
 o - a ring of wizardry (left hand)
   (You found it on level 3 of the Dungeon)
Scrolls
 R - 3 scrolls of identify {@r1}
 T - 2 scrolls of teleportation
Potions
 d - a potion of might
 h - a potion of ambrosia
 n - 2 potions of brilliance
 r - a potion of flight
 y - a potion of degeneration


   Skills:
 - Level 3.0 Fighting
 + Level 4.8 Axes
 - Level 2.6 Armour
 - Level 2.6 Shields
 + Level 2.2 Spellcasting
 + Level 2.2 Earth Magic


You had 9 spell levels left.
You didn't know any spells.
Your spell library contained the following spells:

 Spells                   Type           Power      Damage    Failure   Level
 Kiss of Death            Conj/Necr      4%         2d5       32%         1
 Confusing Touch          Hex            1%         N/A       65%         3
 Dispel Undead            Necr           1%         3d6       95%         4


Dungeon Overview and Level Annotations

Branches:
Dungeon (5/15)
 Temple: D:4-7

Altars:
Cheibriados
Sif Muna

Shops:
D:5 =

Annotations:
D:5 Dowan, Duvessa


Innate Abilities, Weirdness & Mutations

You sometimes gain a little power by taking damage.
Your movements are slightly less encumbered by armour. (ER -2)
Spells you cast may paralyse nearby enemies.


Message History

HP restored.
Key pressed, stopping explore.
Key pressed, stopping explore.
Found a leather armour.
No target in view!
Key pressed, stopping explore.
Key pressed, stopping explore.
Key pressed, stopping explore.
You now have 165 gold pieces (gained 5).
Key pressed, stopping explore.
Dowan shouts!
You hear a shout!
Dowan casts a spell at you. You block the puff of frost.
Dowan is nearby!
Dowan is nearby!
Dowan gestures wildly while chanting.
Dowan blinks!
A water moccasin comes into view.
The water moccasin hisses angrily.
A water moccasin is nearby!
You aren't carrying any items that you can evoke.
You feel very mighty all of a sudden.
You barely miss the water moccasin.
The water moccasin bites you but does no damage.
The water moccasin bites you.
You are poisoned.
The water moccasin poisons you!
You barely miss the water moccasin.
You feel very sick. The water moccasin closely misses you.
The water moccasin bites you.
You barely miss the water moccasin.
You feel sick. The water moccasin bites you.
* * * LOW HITPOINT WARNING * * *
The water moccasin closely misses you.
You hit the water moccasin.
The water moccasin is lightly wounded.
You feel sick. You block the water moccasin's attack.
The water moccasin bites you but does no damage.
You hit the water moccasin.
The water moccasin is moderately wounded.
You feel sick. The water moccasin bites you.
* * * LOW HITPOINT WARNING * * *
The water moccasin bites you but does no damage.
You fade into invisibility!
You feel sick.
The water moccasin bites you but does no damage.
You barely miss the water moccasin.
The water moccasin is moderately wounded.
You feel sick.
You are no longer poisoned.
The water moccasin bites you.
* * * LOW HITPOINT WARNING * * *
The water moccasin closely misses you.
You barely miss the water moccasin.
The water moccasin is moderately wounded.
The water moccasin bites you.
* * * LOW HITPOINT WARNING * * *
You barely miss the water moccasin.
The water moccasin is moderately wounded.
The water moccasin misses you.
The water moccasin bites you but does no damage.
You miss the water moccasin.
The water moccasin is moderately wounded.
The water moccasin bites you but does no damage.
The water moccasin closely misses you.
You slash the water moccasin!
The water moccasin is severely wounded.
The water moccasin bites you.
* * * LOW HITPOINT WARNING * * *
The water moccasin barely misses you.
You hit the water moccasin.
The water moccasin is severely wounded.
The water moccasin bites you but does no damage.
You barely miss the water moccasin.
The water moccasin is severely wounded.
The water moccasin barely misses you.
The water moccasin bites you but does no damage.
You miss the water moccasin.
The water moccasin is severely wounded.
The water moccasin closely misses you. The water moccasin barely misses you.
You closely miss the water moccasin.
The water moccasin is severely wounded.
The water moccasin closely misses you. The water moccasin misses you.
You closely miss the water moccasin.
The water moccasin is severely wounded.
The water moccasin bites you!
* * * LOW HITPOINT WARNING * * *
You are lethally poisoned!
The water moccasin poisons you!
You feel better.
The water moccasin bites you but does no damage.
The water moccasin bites you!
* * * LOW HITPOINT WARNING * * *
You hit the water moccasin.
The water moccasin is almost dead.
The water moccasin misses you. You block the water moccasin's attack.
You hit the water moccasin.
The water moccasin is almost dead.
The water moccasin bites you!
You die...

....... #. #.#.#.
#.# #..... #.#
###.## #.# #...
#.# #### #.# #
..#####.#######. #
........@S......
######.########
#.########
#........#
########.# #.#
#.#####
##.#...######
######...#........


You could see a water moccasin (unable to see you).

Vanquished Creatures
  A hound (D:5)
  4 iguanas
  An orc wizard (D:4)
  7 adders
  A gnoll (D:1)
  4 dart slugs
  3 orcs
  7 endoplasms
  A goblin (D:4)
  10 hobgoblins
  10 jackals
  7 kobolds
  3 quokkas
  6 ball pythons
  2 bats (D:1)
  3 frilled lizards
  6 rats
76 creatures vanquished.

Notes
Turn   | Place    | Note
-------+----------+-------------------------------------------
     0 | D:1      | Dani the Demonspawn Fighter began the quest for the Orb.
     0 | D:1      | Reached XP level 1. HP: 18/18 MP: 1/1
    23 | D:1      | Reached skill level 2 in Axes
    82 | D:1      | Gained mutation: Your movements are slightly less
                  | encumbered by armour. (ER -2) [demonic ancestry]
    82 | D:1      | Reached XP level 2. HP: 24/24 MP: 2/2
   266 | D:1      | HP: 2/20 [frozen (4)]
   270 | D:1      | Reached skill level 3 in Axes
   380 | D:1      | Gained mutation: Spells you cast may paralyse adjacent
                  | enemies. [demonic ancestry]
   380 | D:1      | Reached XP level 3. HP: 25/28 MP: 3/3
  1450 | D:3      | Gained mutation: Spells you cast may paralyse nearby
                  | enemies. [demonic ancestry]
  1450 | D:3      | Reached XP level 4. HP: 35/35 MP: 4/4
  1467 | D:3      | Reached skill level 4 in Axes
  1481 | D:3      | Found a faded altar of an unknown god.
  1491 | D:3      | Prayed at the altar of an unknown god.
  1491 | D:3      | Became a worshipper of Sif Muna the Loreminder
  1491 | D:3      | Reached * piety under Sif Muna
  2023 | D:4      | Found a snail-covered altar of Cheibriados.
  2426 | D:4      | Reached skill level 1 in Spellcasting
  2426 | D:4      | Reached skill level 1 in Earth Magic
  2426 | D:4      | Reached XP level 5. HP: 36/41 MP: 6/6
  2675 | D:5      | Entered Level 5 of the Dungeon
  2675 | D:5      | Found Ecza's Jewellery Shoppe.
  3223 | D:5      | HP: 8/41 [iguana (6)]
  3226 | D:5      | HP: 2/41 [iguana (2)]
  3230 | D:5      | Reached skill level 2 in Spellcasting
  3230 | D:5      | Reached skill level 2 in Earth Magic
  3230 | D:5      | Gained mutation: You sometimes gain a little power by
                  | taking damage. [demonic ancestry]
  3230 | D:5      | Reached XP level 6. HP: 12/47 MP: 7/9
  3396 | D:5      | Noticed Dowan
  3399 | D:5      | HP: 9/47 [centaur/arrow (10)]
  3400 | D:5      | Noticed Duvessa
  3872 | D:5      | Noticed a water moccasin
  3890 | D:5      | HP: 7/47 [water moccasin (7)]
  3893 | D:5      | Slain by a water moccasin

Illustrated notes

Levels and vault maps discovered:
D:1:      co_arrival_square_in_a_square_in_a_square, layout_basic
D:2:      layout_basic, nicolae_underground_beach
D:3:      layout_basic, hellmonk_ecumenical_altar_crossroads
D:4:      layout_gridville, mainiacjoe_overflow_tiny_flanked
D:5:      layout_loops_ring, nicolae_stop_n_shop_2, uniq_duvessa,
          uniq_blork_the_orc

Skill      XL: |  1  2  3  4  5 |
---------------+----------------+-----
Axes           | 2 3 4 |  4.8
Spellcasting   | 1 2 |  2.2
Earth Magic    | 1 2 |  2.2
Fighting       | |  3.0
Armour         | |  2.6
Shields        | |  2.6

Action                     |  1- 3 |  4- 6 || total
---------------------------+-------+-------++-------
  Melee: War axe           |    96 |   164 ||   260
    Use: Scroll            |       |    13 ||    13
         Potion            |       |     5 ||     5
 Armour: Scale mail        |    46 |    66 ||   112
  Dodge: Dodged            |    46 |    92 ||   138
  Block: Buckler           |    16 |    24 ||    40

Levels and vault maps discovered:
D:1:      co_arrival_square_in_a_square_in_a_square, layout_basic
D:2:      layout_basic, nicolae_underground_beach
D:3:      layout_basic, hellmonk_ecumenical_altar_crossroads
D:4:      layout_gridville, mainiacjoe_overflow_tiny_flanked
D:5:      layout_loops_ring, nicolae_stop_n_shop_2, uniq_duvessa,
          uniq_blork_the_orc

Table legend: (Time is in decaauts)
 A = Elapsed time spent in this place.
 B = Non-inter-level travel time spent in this place.
 C = Inter-level travel time spent in this place.
 D = Time resting spent in this place.
 E = Time spent auto-exploring this place.
 F = Levels seen in this place.
 G = Mean time per level.
                   A        B        C        D        E       F      G
               +--------+--------+--------+--------+--------+-----+--------+
         Total |   3983 |   3760 |    223 |      8 |   2937 |   5 |  796.6 |
       Dungeon |   3983 |   3760 |    223 |      8 |   2937 |   5 |  796.6 |
               +--------+--------+--------+--------+--------+-----+--------+

Top non-repeatable levels by time:
     D:4: 1165 daAuts
     D:5: 860 daAuts
     D:1: 819 daAuts
     D:2: 662 daAuts
     D:3: 475 daAuts

Table legend:
 A = Kills in this place as a percentage of kills in the entire game.
 B = Kills by you in this place as a percentage of kills by you in the entire game.
 C = Kills by friends in this place as a percentage of kills by friends in the entire game.
 D = Other kills in this place as a percentage of other kills in the entire game.
 E = Experience gained in this place as a percentage of experience gained in the entire game.
 F = Experience gained in this place divided by the number of levels of this place that you have seen.
                   A       B       C       D       E      F
               +-------+-------+-------+-------+-------+----------------------
         Total | 100.0 | 100.0 |   N/A |   N/A | 100.0 |  90.2
       Dungeon | 100.0 | 100.0 |   N/A |   N/A | 100.0 |  90.2
               +-------+-------+-------+-------+-------+----------------------
